 Dungeon Crawl Stone Soup version 0.26-a0-661-g406de6ba63 (webtiles) character file.

Game seed: 3838512901657435272

144 droidtality the Chopper (level 5, -3/46 HPs)
             Began as a Ghoul Fighter on Oct 8, 2020.
             Slain by a sky beast (6 damage)
             ... on level 3 of the Dungeon.
             The game lasted 00:02:28 (1052 turns).

droidtality the Chopper (Ghoul Fighter)             Turns: 1052, Time: 00:02:29

Health: -3/46      AC: 15    Str: 21    XL:     5   Next: 26%
Magic:  4/4        EV:  3    Int:  3    God:
Gold:   147        SH:  8    Dex:  8    Spells: 4/4 levels left

rFire    . . .     SeeInvis .   a - +0 war axe
rCold    + . .     Faith    .   c - +0 kite shield
rNeg     + + +     Spirit   .   k - +0 plate armour
rPois    ∞         Reflect  .   (no helmet)
rElec    .         Harm     .   (no cloak)
rCorr    .         Rampage  .   (no gloves)
MR       .....                  (no boots)
Stlth    ..........             (no amulet)
HPRegen  0.00/turn              g - +4 ring of protection
MPRegen  0.09/turn              (no ring)

@: flying
A: rotting body, claws 1, cold resistance 1, negative energy resistance 3,
inhibited regeneration, torment resistance, unbreathing
a: no special abilities


You were on level 3 of the Dungeon.
You visited 1 branch of the dungeon, and saw 3 of its levels.

You collected 147 gold pieces.

Inventory:

Hand Weapons
 a - a +0 war axe (weapon)
Armour
 b - a +0 scale mail
 c - a +0 kite shield (worn)
 k - a +0 plate armour (worn)
Jewellery
 g - a +4 ring of protection (left claw)
 o - a cursed ring of protection from fire {unknown}
Scrolls
 e - 3 scrolls of teleportation
 h - a scroll of magic mapping {unknown}
 i - 3 scrolls of identify {unknown}
 j - a scroll of amnesia {unknown}
 l - 2 scrolls of remove curse
 p - a scroll of immolation {unknown}
Potions
 d - a potion of flight
 f - a potion of curing
 m - a potion of degeneration {unknown}
 n - a potion of brilliance {unknown}


   Skills:
 + Level 4.1 Fighting
 * Level 4.3 Axes
 - Level 2.6 Armour
 - Level 2.6 Shields


You had 4 spell levels left.
You didn't know any spells.
Your spell library was empty.

Dungeon Overview and Level Annotations

Branches:
Dungeon (2/15)

Altars:


Innate Abilities, Weirdness & Mutations

Your body is rotting away.
You thrive by killing the living.
You are immune to poison.
You have sharp fingernails.
Your flesh is cold resistant. (rC+)
You are immune to negative energy. (rN+++)
You do not regenerate when monsters are visible.
You are immune to unholy pain and torment.
You can survive without breathing.


Message History

You hit the sky beast.
The sky beast is heavily wounded.
You block the sky beast's attack.
The sky beast hits you but does no damage.
Your shield prevents you from hitting the sky beast.
The sky beast is heavily wounded.
The sky beast barely misses you.
You miss the sky beast.
The sky beast is heavily wounded.
The sky beast hits you.
* * * LOW HITPOINT WARNING * * *
The sky beast shocks you.
* * * LOW HITPOINT WARNING * * *
Your shield prevents you from hitting the sky beast.
The sky beast is heavily wounded.
The sky beast hits you but does no damage.
The sky beast hits you.
* * * LOW HITPOINT WARNING * * *
The sky beast shocks you.
You die...

.# #.##.....#. ..
######.##.###### #.
#(..##.........# #.
#...#####.####.# #. #...#
#.)...##.#
...###.###########.^.###÷#....#.#
.................l...'...).......
######.#########Y...###.#......#
#)........@†######)#(######
#......(....#.....)[)#
##.........)#.......##
#..#######.#.......# #######'##
#.#.......# .........#
#.#.......# .........#
#.#.......#
.........######.#.......#
######(......##.#.......#


You could see a sky beast and a frilled lizard.

Vanquished Creatures
  An orc wizard (D:3)
  An orc priest (D:3)
  3 adders (D:3)
  An ooze (D:1)
  A worm (D:3)
  3 dart slugs (D:1)
  A leopard gecko (D:1)
  An orc (D:3)
  3 bats (D:1)
  3 giant cockroaches
  2 goblins (D:1)
  2 hobgoblins (D:1)
  6 jackals (D:3)
  5 kobolds
  A quokka (D:3)
  3 ball pythons
  3 frilled lizards
  8 rats
48 creatures vanquished.

Notes
Turn   | Place    | Note
-------+----------+-------------------------------------------
     0 | D:1      | droidtality the Ghoul Fighter began the quest for the Orb.
     0 | D:1      | Reached XP level 1. HP: 19/19 MP: 0/0
    68 | D:1      | Reached XP level 2. HP: 26/26 MP: 1/1
   262 | D:1      | Reached XP level 3. HP: 31/33 MP: 2/2
   581 | D:2      | You fall into a shaft and drop 1 floor!
   665 | D:3      | Reached XP level 4. HP: 19/40 MP: 3/3
   671 | D:3      | Reached XP level 5. HP: 26/46 MP: 4/4
   983 | D:3      | Noticed a sky beast
  1052 | D:3      | Slain by a sky beast

Illustrated notes

Levels and vault maps discovered:
D:1:      dpeg_arrival_stonehenge_12_columns, layout_basic
D:2:      layout_loops_corners, uniq_jessica, uniq_terence
D:3:      layout_basic

Skill      XL: |  1  2  3  4 |
---------------+-------------+-----
Axes           | 2 3 4 |  4.3
Fighting       | 4 |  4.1
Armour         | |  2.6
Shields        | |  2.6

Action                   |  1- 3 |  4- 6 || total
-------------------------+-------+-------++-------
Melee: War axe           |   101 |    43 ||   144
  Use: Scroll            |     2 |       ||     2
       Potion            |     1 |     2 ||     3
Armor: Scale mail        |    29 |       ||    29
       Plate armour      |    42 |    40 ||    82
Dodge: Dodged            |    27 |     5 ||    32
Block: Kite shield       |    69 |    16 ||    85

Table legend: (Time is in decaauts)
 A = Elapsed time spent in this place.
 B = Non-inter-level travel time spent in this place.
 C = Inter-level travel time spent in this place.
 D = Time resting spent in this place.
 E = Time spent auto-exploring this place.
 F = Levels seen in this place.
 G = Mean time per level.
                   A        B        C        D        E       F      G
               +--------+--------+--------+--------+--------+-----+--------+
         Total |   1111 |   1044 |     67 |    124 |    544 |   3 |  370.3 |
       Dungeon |   1111 |   1044 |     67 |    124 |    544 |   3 |  370.3 |
               +--------+--------+--------+--------+--------+-----+--------+

Top non-repeatable levels by time:
     D:1: 530 daAuts
     D:3: 498 daAuts
     D:2: 82 daAuts
